 Dungeon Crawl Stone Soup version 0.19.5 (webtiles) character file.

8853 Peloso the Carver (level 11, 0/95 HPs)
             Began as a Minotaur Fighter on May 25, 2017.
             Was a High Priest of Okawaru.
             Slain by a frost giant
             ... wielding a +0 battleaxe of freezing
              (16 damage)
             ... on level 10 of the Dungeon.
             The game lasted 00:28:36 (10341 turns).

Peloso the Carver (Minotaur Fighter)               Turns: 10341, Time: 00:28:37

Health: 0/95       AC: 21    Str: 27    XL:     11   Next: 15%
Magic:  8/10       EV: 15    Int:  5    God:    Okawaru [*****.]
Gold:   46         SH: 15    Dex: 17    Spells: 0 memorised, 10 levels left

rFire  + . .     SeeInvis +     a - +1 long sword
rCold  + . .     Gourm    +     E - +0 chain mail
rNeg   . . .     Faith    .     c - +0 shield
rPois  +         Spirit   .     H - +2 hat {SInv}
rElec  +         Reflect  .     b - +2 cloak
rCorr  +         Harm     .     n - +0 pair of gloves
MR     .....                    r - +0 pair of boots
Stlth  ..........               F - amulet of the gourmand
                                o - +5 ring of dexterity
                                L - ring of resist corrosion

@: mighty, resistant, heroism
A: retaliatory headbutt, horns 2
a: Heroism, Finesse, Renounce Religion


You were on level 10 of the Dungeon.
You worshipped Okawaru.
Okawaru was extremely pleased with you.
You were very full.

You visited 2 branches of the dungeon, and saw 11 of its levels.
You also visited: Ossuary.

You collected 46 gold pieces.

Inventory:

Hand Weapons
 a - a +1 long sword (weapon)
 y - a +0 dagger of flaming
Armour
 b - a +2 cloak (worn)
 c - a +0 shield (worn)
 n - a +0 pair of gloves (worn)
 r - a +0 pair of boots (worn)
 s - a +1 cloak
 E - a +0 chain mail (worn)
 H - a +2 hat of see invisible (worn)
Jewellery
 o - a +5 ring of dexterity (right hand)
 v - an uncursed ring of stealth
 z - an uncursed ring of ice
 F - an amulet of the gourmand (around neck)
 J - a +2 ring of intelligence
 L - a ring of resist corrosion (left hand)
Wands
 M - a wand of lightning (1/15)
Scrolls
 g - 11 scrolls of teleportation
 i - 3 scrolls of remove curse
 l - 5 scrolls of enchant weapon
 m - 2 scrolls of magic mapping
 u - a scroll of recharging
 G - 2 scrolls of identify
 N - a scroll of acquirement {unknown}
 O - 3 scrolls of amnesia {unknown}
Potions
 d - a potion of might
 e - a potion of cancellation
 h - 2 potions of invisibility
 t - 6 potions of curing
 w - 4 potions of cure mutation
 x - a potion of flight
 A - a potion of agility
 B - a potion of haste
 I - 4 potions of magic
Comestibles
 f - 7 bread rations
 k - 4 meat rations
 q - 4 fruits
 C - 2 slices of pizza
 D - 8 beef jerkies


   Skills:
 + Level 8.9(13.9) Fighting
 + Level 12.3(17.3) Long Blades
 + Level 8.9(13.9) Armour
 + Level 4.0(9.0) Dodging
 + Level 1.2(6.2) Stealth
 + Level 11.4(16.4) Shields
 + Level 0.2 Invocations
 + Level 1.1 Evocations


You had 10 spell levels left.
You didn't know any spells.

Dungeon Overview and Level Annotations

Branches:
Dungeon (10/15)            Temple (1/1) D:7
   Lair: D:8-11         Orc: D:9-12

Altars:
Ashenzari
Cheibriados
Dithmenos
Elyvilon
Fedhas
Gozag
Hepliaklqana
Kikubaaqudgha
Makhleb
Nemelex Xobeh
Okawaru
Qazlal
Ru
Sif Muna
Trog
Uskayaw
Vehumet
Xom
Yredelemnul
Zin
The Shining One

Shops:
D:4 *

Annotations:
D:10 Maurice; flt's ghost, novice DrIE


Innate Abilities, Weirdness & Mutations

You reflexively headbutt those who attack you in melee.
You have a pair of horns on your head.


Message History

You feel much better.
The frost giant hits you with a battleaxe of freezing.
The deep elf knight gestures wildly while chanting.
The deep elf knight seems to speed up.
You gain the combat prowess of a mighty hero.
The frost giant hits you with a battleaxe of freezing!!
* * * LOW HITPOINT WARNING * * *
The frost giant freezes you.
* * * LOW HITPOINT WARNING * * *
You hear an angry hiss.
You hit the frost giant. You headbutt the frost giant!
The frost giant is heavily wounded.
Unknown command.
Okay, then.
You feel very mighty all of a sudden. You block the frost giant's attack.
You hit the frost giant. You headbutt the frost giant!
The frost giant is severely wounded.
The frost giant hits you with a battleaxe of freezing!
You die... .# .# .. #.#%. .# ##..#...# .# ...#.... .+ s.#... .# K.yY# †# re.

.# #C# .# #@#
.#####+#########'#####..
.......................#
#....#########...#######
....###### #..##
#........#####.########
##.#####..............#
#.# #######.######.# #.#
#.#


You could see a frost giant, a wolf spider, a deep elf knight, a hornet, an ice
beast, a big kobold and a quokka.

Vanquished Creatures
  Gastronok (D:10)
  Erolcha (D:9)
  Psyche (D:8)
  A kobold demonologist (D:10)
  A two-headed ogre (D:7)
  Sigmund (D:3)
  3 wyverns
  A vampire (D:10)
  3 yaks (D:9)
  A water moccasin (D:8)
  An ice beast (D:8)
  3 orc warriors
  2 sky beasts
  A black bear (D:9)
  2 necrophages
  4 ogres
  3 phantoms
  5 centaurs
  A big kobold (D:10)
  A gnoll sergeant (D:8)
  3 bullfrogs
  4 water moccasin zombies (Ossuary)
  4 scorpions
  8 killer bees
  A howler monkey (D:9)
  3 crimson imps
  8 hounds
  A quasit (D:9)
  2 bullfrog zombies
  A jelly (D:6)
  4 orc priests
  Crazy Yiuf (D:7)
  A bullfrog skeleton (D:8)
  A gnoll shaman (D:5)
  7 orc wizards
  Terence (D:3)
  3 iguanas
  8 worker ants
  A killer bee zombie (D:9)
  4 big kobold zombies (Ossuary)
  3 mummies
  A hound skeleton (D:4)
  A howler monkey zombie (D:6)
  Robin (D:2)
  2 worker ant zombies
  8 gnolls
  8 adders
  A shadow imp (D:8)
  2 oozes
  7 adder zombies (Ossuary)
  2 adder skeletons
  6 worms
  5 dart slugs
  2 leopard geckos (D:1)
  35 orcs
  5 ball pythons
  5 giant cockroaches
  18 goblins
  17 hobgoblins
  22 jackals
  3 quokkas
  9 bats
  5 frilled lizards
  3 gnoll zombies (Ossuary)
  7 hobgoblin zombies (Ossuary)
  11 kobolds
  4 kobold zombies (Ossuary)
  5 orc zombies (Ossuary)
  11 rats
312 creatures vanquished.

Vanquished Creatures (others)
  A goblin (D:3)
1 creature vanquished.

Grand Total: 313 creatures vanquished

Notes
Turn   | Place    | Note
-------+----------+-------------------------------------------
     0 | D:1      | Peloso the Minotaur Fighter began the quest for the Orb.
     0 | D:1      | Reached XP level 1. HP: 19/19 MP: 0/0
   206 | D:1      | Reached XP level 2. HP: 24/27 MP: 1/1
   605 | D:1      | Reached XP level 3. HP: 33/33 MP: 2/2
   723 | D:1      | Reached skill level 3 in Long Blades
  1054 | D:2      | Noticed Robin
  1084 | D:2      | Killed Robin
  1090 | D:2      | Reached XP level 4. HP: 25/40 MP: 3/3
  1374 | D:2      | Reached skill level 4 in Long Blades
  1843 | D:3      | Reached XP level 5. HP: 46/46 MP: 4/4
  1869 | D:3      | Found a bloodstained altar of Trog.
  1995 | D:3      | Noticed Terence
  1999 | D:3      | Killed Terence
  2037 | D:3      | Found a faded altar of an unknown god.
  2171 | D:3      | Noticed Sigmund
  2179 | D:3      | Killed Sigmund
  2179 | D:3      | Reached skill level 5 in Long Blades
  2179 | D:3      | Reached skill level 1 in Dodging
  2179 | D:3      | Reached skill level 5 in Shields
  2179 | D:3      | Reached XP level 6. HP: 53/53 MP: 5/5
  2247 | D:3      | Found a shimmering altar of Xom.
  2963 | D:4      | Reached skill level 5 in Armour
  3261 | D:4      | Reached XP level 7. HP: 48/60 MP: 6/6
  3263 | D:4      | Reached skill level 6 in Long Blades
  3377 | D:4      | Found Gozag's Platinum Reserve.
  3377 | D:4      | Found an opulent altar of Gozag.
  3630 | D:4      | Reached skill level 5 in Fighting
  3741 | D:5      | Entered Level 5 of the Dungeon
  3835 | D:5      | Reached skill level 1 in Evocations
  3857 | D:5      | Reached skill level 1 in Stealth
  4163 | D:5      | Reached skill level 7 in Long Blades
  4623 | D:5      | Found a deep blue altar of Sif Muna.
  4657 | D:5      | Reached XP level 8. HP: 63/69 MP: 7/7
  4942 | D:6      | Reached skill level 8 in Long Blades
  5521 | D:7      | Reached skill level 9 in Long Blades
  5598 | D:7      | Reached XP level 9. HP: 40/77 MP: 8/8
  5654 | D:7      | Found a sand-covered staircase.
  5672 | Ossuary  | Entered an ossuary
  6183 | D:7      | Found a snail-covered altar of Cheibriados.
  6307 | D:7      | Reached skill level 10 in Long Blades
  6343 | D:7      | Found a staircase to the Ecumenical Temple.
  6349 | Temple   | Entered the Ecumenical Temple
  6375 | Temple   | Became a worshipper of Warmaster Okawaru
  6471 | D:7      | Found a runed door.
  6595 | D:7      | Noticed Crazy Yiuf
  6599 | D:7      | Killed Crazy Yiuf
  7321 | D:8      | Noticed Psyche
  7336 | D:8      | Killed Psyche
  7336 | D:8      | Reached * piety under Okawaru
  7616 | D:8      | Reached XP level 10. HP: 86/86 MP: 9/9
  7738 | D:8      | Found an ancient bone altar of Kikubaaqudgha.
  7738 | D:8      | Found a glowing golden altar of the Shining One.
  7770 | D:8      | Reached skill level 11 in Long Blades
  8261 | D:8      | Reached ** piety under Okawaru
  9033 | D:9      | Reached skill level 10 in Shields
  9422 | D:9      | Reached *** piety under Okawaru
  9429 | D:9      | Noticed Erolcha
  9438 | D:9      | Killed Erolcha
  9508 | D:9      | Reached **** piety under Okawaru
  9810 | D:10     | Entered Level 10 of the Dungeon
  9810 | D:10     | Noticed Maurice
 10063 | D:10     | Noticed Gastronok
 10079 | D:10     | Killed Gastronok
 10079 | D:10     | Reached ***** piety under Okawaru
 10079 | D:10     | Reached skill level 12 in Long Blades
 10079 | D:10     | Reached XP level 11. HP: 39/95 MP: 8/10
 10305 | D:10     | Noticed flt's ghost (novice DrIE)
 10319 | D:10     | Noticed a frost giant
 10327 | D:10     | Noticed a fire giant
 10335 | D:10     | Noticed a deep elf knight
 10341 | D:10     | Slain by a frost giant

Skill      XL: |  1  2  3  4  5  6  7  8  9 10 |
---------------+-------------------------------+-----
Fighting       | 4 5 6 7 8 |  8.9
Shields        | 4 5 6 7 9 11 | 11.4
Armour         | 4 5 6 7 8 |  8.9
Long Blades    | 3 4 5 7 9 10 12 | 12.3
Dodging        | 1 2 3 4 |  4.0
Evocations     | 1 |  1.1
Stealth        | 1 |  1.2
Invocations    | |  0.2

Action                   |  1- 3 |  4- 6 |  7- 9 | 10-12 || total
-------------------------+-------+-------+-------+-------++-------
Melee: Long sword        |    94 |   139 |   510 |   313 ||  1056
       Headbutt          |    12 |    29 |   109 |    88 ||   238
Invok: Heroism           |       |       |       |     3 ||     3
Evoke: Wand              |       |    11 |       |       ||    11
  Use: Scroll            |       |     5 |    11 |     4 ||    20
       Potion            |       |       |       |     6 ||     6
  Eat: Chunk             |     1 |    12 |    27 |     8 ||    48
Armor: Scale mail        |    63 |    66 |       |       ||   129
       Chain mail        |       |    32 |   177 |    99 ||   308
Dodge: Dodged            |    43 |    49 |   117 |    68 ||   277
Block: Shield            |    61 |   110 |   277 |   160 ||   608
       Rpst.: Long sword |    10 |    12 |    30 |    14 ||    66
